 Dungeon Crawl Stone Soup version 0.31-a0-188-g5e087ee2ca (webtiles) character file.

Game seed: 6185983884905682772

74 qw the Shooter (level 4, -1/25 HPs)
             Began as a Deep Elf Hunter on June 23, 2023.
             Slain by a gnoll
             ... wielding a +0 flail
              (9 damage)
             ... on level 2 of the Dungeon.
             The game lasted 00:00:26 (1447 turns).

qw the Shooter (Deep Elf Hunter)                    Turns: 1447, Time: 00:00:27

Health: -1/25      AC:  3    Str: 10    XL:     4   Next: 10%
Magic:  6/6        EV: 12    Int: 14    God:
Gold:   155        SH:  0    Dex: 18    Spells: 3/3 levels left

rFire   . . .        Y - +0 shortbow (drain)
rCold   . . .        (shield currently unavailable)
rNeg    . . .        c - +0 leather armour
rPois   .            (no helmet)
rElec   .            (no cloak)
rCorr   .            (no gloves)
SInv    .            (no boots)
Will    .....        (no amulet)
Stlth   ++           (no ring)
HPRegen 0.24/turn    (no ring)
MPRegen 0.10/turn

%: no passive effects
@: no status effects
A: no striking features
a: no special abilities


You were on level 2 of the Dungeon.
You visited 1 branch of the dungeon, and saw 2 of its levels.

You collected 155 gold pieces.


   Skills:
 - Level 1.5 Fighting
 + Level 7.5 Ranged Weapons
 - Level 2.4 Dodging
 - Level 1.2 Stealth


You had 3 spell levels left.
You didn't know any spells.
Your spell library was empty.

Inventory:

Hand Weapons
 Y - a +0 shortbow of draining (weapon)
Armour
 c - a +0 leather armour (worn)
Scrolls
 a - 3 scrolls of identify
 b - a scroll of blinking {unknown}
 d - a scroll of enchant weapon {unknown}

Dungeon Overview and Level Annotations

Branches:
Dungeon (2/15)

Altars:

Shops:
D:1 (


Message History

The gnoll shouts!
Enter note:
Enter note:
Enter note:
Enter note: You shoot an arrow.
The arrow closely misses the gnoll.
The gnoll shouts! x2
A gnoll comes into view. It is wielding a +0 whip.
You shoot an arrow. The gnoll shouts!
The arrow hits the gnoll!
The gnoll is heavily wounded.
You shoot an arrow. The arrow barely misses the gnoll.
You shoot an arrow. The arrow barely misses the gnoll.
The arrow hits the gnoll.
The gnoll is moderately wounded.
You shoot an arrow. The arrow closely misses the gnoll.
The gnoll hits you with a +0 club.
You shoot an arrow. The arrow hits the gnoll.
You drain the gnoll.
You kill the gnoll!
The gnoll hits you but does no damage.
You shoot an arrow. The arrow hits the gnoll.
You drain the gnoll.
You kill the gnoll!
You shoot an arrow. The arrow hits the gnoll.
You drain the gnoll.
The gnoll is heavily wounded.
You shoot an arrow.
The arrow hits the gnoll but does no damage.
You shoot an arrow. The arrow hits the gnoll!
The gnoll is almost dead.
You shoot an arrow. The arrow hits the gnoll.
You kill the gnoll!
The gnoll hits you with a +0 flail!
You have reached level 4!
You feel clever.
You shoot an arrow. The arrow completely misses the gnoll.
The gnoll hits you with a +0 flail.
You shoot an arrow. The arrow closely misses the gnoll.
The gnoll closely misses you.
You shoot an arrow. The arrow hits the gnoll.
The gnoll is heavily wounded.
The gnoll hits you with a +0 flail!
You die...

############
#######..........#
##...>##..........#
###.....##..........
###.......# )......
.....###### ##.#.#
.#.### #..@)# #..#
######..#g# #.##
###.......#).# ..#
###...####%##..#
.####...####...# ...
......### #.### .#.#
..##### ##<# .#.#
### #..# ...# #
#####.##


You could see a gnoll (very drained).

Vanquished Creatures
  3 gnolls (D:2)
  An adder (D:1)
  A worm (D:2)
  3 ball pythons (D:1)
  An endoplasm (D:1)
  6 giant cockroaches (D:1)
  A goblin (D:1)
  2 hobgoblins (D:1)
  4 jackals (D:2)
  A quokka (D:1)
  4 bats
  A frilled lizard (D:1)
  3 kobolds
  2 rats (D:1)
33 creatures vanquished.

Notes
Turn   | Place    | Note
-------+----------+-------------------------------------------
     0 | D:1      | qw the Deep Elf Hunter began the quest for the Orb.
     0 | D:1      | Reached XP level 1. HP: 12/12 MP: 3/3
     0 | D:1      | 0 ||| qw: Version: 0.3-a-9-g12657ce
     0 | D:1      | 0 ||| qw: Game counter: 3515
     0 | D:1      | 0 ||| qw: Always use a shield: true
     0 | D:1      | 0 ||| qw: God list: Okawaru
     0 | D:1      | 0 ||| qw: Allow faded altars: false
     0 | D:1      | 0 ||| qw: Do Orc after D:15 true
     0 | D:1      | 0 ||| qw: Do second Lair branch before Depths: true
     0 | D:1      | 0 ||| qw: Lair rune preference: random
     0 | D:1      | 0 ||| qw: Plans: Normal
     0 | D:1      | 0 ||| PLANNING D:1-11
   236 | D:1      | Reached skill level 6 in Ranged Weapons
   236 | D:1      | Reached XP level 2. HP: 16/16 MP: 4/4
   464 | D:1      | Found a faded altar of an unknown god.
   973 | D:1      | Found Taleti Dyri's Antique Weapon Shoppe.
  1019 | D:1      | 1019 ||| DROPPING +0 robe of positive energy.
  1020 | D:1      | 1020 ||| READING 3 scrolls labelled GORRYX PUHOTZ.
  1021 | D:1      | 1021 ||| READING scroll labelled GIP YRE PO LEUNK.
  1022 | D:1      | 1022 ||| READING 2 scrolls labelled XUINUR TOSSEU.
  1023 | D:1      | 1023 ||| READING scroll labelled OSUNTI MOEMULE.
  1024 | D:1      | 1024 ||| READING scroll labelled BETOIPLIAJ.
  1025 | D:1      | 1025 ||| DRINKING 3 fuming sapphire potions.
  1052 | D:1      | 1052 ||| DROPPING scroll of butterflies.
  1053 | D:1      | 1053 ||| DROPPING scroll of fog.
  1054 | D:1      | 1054 ||| DROPPING 2 potions of lignification.
  1092 | D:2      | 1092 ||| STAIRDANCE
  1098 | D:1      | Reached XP level 3. HP: 13/20 MP: 5/5
  1134 | D:2      | 1134 ||| STAIRDANCE
  1377 | D:2      | Reached skill level 7 in Ranged Weapons
  1445 | D:2      | Reached XP level 4. HP: 12/25 MP: 6/6
  1447 | D:2      | Slain by a gnoll

Levels and vault maps discovered:
D:1:      dpeg_arrival_pits, layout_loops_ring, serial_co_window_serial,
          co_window_cross_1, co_window_corner_a, co_window_corner_a,
          co_window_paths_a, co_window_paths_a, co_window_cross_3,
          co_window_cross_2, co_window_corner_ca, co_window_4corner_b,
          glass_columns_c, glass_columns_a, glass_columns_a, glass_columns_a,
          glass_columns_a, shapermc_ecumenical_altar_flowoftime, serial_shops,
          shop
D:2:      minmay_inner_zag, layout_rooms, kennysheep_generic_room_11

Skill      XL: |  1  2  3 |
---------------+----------+-----
Ranged Weapons | 6 7 |  7.5
Fighting       | |  1.5
Dodging        | |  2.4
Stealth        | |  1.2

Action                     |  1- 3 |  4- 6 || total
---------------------------+-------+-------++-------
   Fire: Shortbow          |    93 |     3 ||    96
    Use: Scroll            |     5 |       ||     5
         Potion            |     1 |       ||     1
 Armour: Leather armour    |     9 |       ||     9
  Dodge: Dodged            |    22 |     1 ||    23

Table legend:
 A = Non-vault XP
 B = Vault XP
 C = Vault XP percentage of total XP
 D = Non-vault monster count
 E = Vault monster count
 F = Vault count percentage of total count
                 A         B        C        D         E       F
            +---------+---------+-------+---------+---------+-------
      Total |     105 |       2 |   1.9 |      32 |       1 |   3.0
            +---------+---------+-------+---------+---------+-------
        D:1 |      47 |       0 |   0.0 |      21 |       0 |   0.0
        D:2 |      58 |       2 |   3.3 |      11 |       1 |   8.3
            +---------+---------+-------+---------+---------+-------
